 Seeded DCSS version 0.31-a0-133-gaae73658be (webtiles) character file.

Game seed: 7203690730080517956 (custom seed)

69685 Pimp the Severer (level 15, -3/139 HPs)
             Began as a Hill Orc Fighter on June 2, 2023.
             Was a High Priest of Beogh.
             Killed from afar by Louise (41 damage)
             ... with a bolt of lightning
             ... on level 15 of the Dungeon.
             The game lasted 01:24:24 (26687 turns).

Pimp the Severer (Hill Orc Fighter)                Turns: 26687, Time: 01:24:24

Health: -3/139     AC: 30    Str: 31    XL:     15   Next: 30%
Magic:  0/25       EV:  7    Int: 15    God:    Beogh [*****.]
Gold:   1665       SH: 17    Dex:  9    Spells: 15/15 levels left

rFire   . . .        S - +5 war axe (venom)
rCold   + + +        l - +1 tower shield {rF+}
rNeg    . . .        z - +1 crystal plate armour {rC+}
rPois   +            (no helmet)
rElec   .            c - +1 cloak
rCorr   +            o - +0 pair of gloves
SInv    .            K - +1 pair of boots
Will    +++..        t - amulet of guardian spirit Stlth
                     g - ring of Surprise {*Slow rPois rC++ rCorr Int+8}
HPRegen 0.43/turn    h - ring of ice
MPRegen 0.19/turn

%: slow self (1%), guardian spirit
@: no status effects
A: walk on water, strong-willed 2, strong 1, subdued magic 1
a: Renounce Religion, Smiting, Recall Orcish Followers, Give Item to Named
Follower


You were on level 15 of the Dungeon.
You worshipped Beogh.
Beogh was extremely pleased with you.
You visited 3 branches of the dungeon, and saw 22 of its levels.
You also visited: Ice Cave.

You collected 2321 gold pieces.
You spent 656 gold pieces at shops.

Inventory:

Hand Weapons
 s - a +3 double sword of freezing
 P - a +4 flail
 S - a +5 war axe of venom (weapon)
Missiles
 H - 6 curare-tipped darts
Armour
 c - a +1 cloak (worn)
 f - +2 acid dragon scales
 l - a +1 tower shield of fire resistance (worn)
 o - a +0 pair of gloves (worn)
 v - a +0 troll leather armour
 z - a +1 crystal plate armour of cold resistance (worn)
 E - a +2 leather armour of fire resistance
 K - a +1 pair of boots (worn)
 M - a +4 chain mail
 N - the +0 pair of boots "Peh Xoix" {rPois Str-4 Int+3}
   (You found it on level 13 of the Dungeon)

   Str:       It affects your strength (-4).
   Int:       It affects your intelligence (+3).
   rPois:     It protects you from poison.
 X - +0 ice dragon scales
Jewellery
 g - the ring of Surprise (left hand) {*Slow rPois rC++ rCorr Int+8}
   (You acquired it on level 8 of the Dungeon)

   [ring of resist corrosion]

   Int:       It affects your intelligence (+8).
   rC:        It greatly protects you from cold.
   rPois:     It protects you from poison.
   rCorr:     It protects you from acid and corrosion.
   *Slow:     It may slow you when you take damage.
 h - a ring of ice (right hand)
 r - the ring "Zeotorri" {rPois rF- rCorr AC+4 Dex+4}
   (You found it in an ice cave)

   [ring of protection]

   AC:        It affects your AC (+4).
   Dex:       It affects your dexterity (+4).
   rF:        It makes you vulnerable to fire.
   rPois:     It protects you from poison.
   rCorr:     It protects you from acid and corrosion.
 t - an amulet of guardian spirit (around neck)
 y - a ring of willpower
 C - a ring of protection from fire
 I - a ring of magical power
 R - the ring of the Mage {Wiz Archmagi}
   (You found it in an ice cave)

   [ring of wizardry]

   It improves your spell success rate.
   Archmagi:  It increases the power of your magical spells.
 T - a ring of poison resistance
 V - an amulet of regeneration
 Y - a ring of magical power
 Z - a ring of ice
Wands
 i - a wand of iceblast (13)
 m - a wand of digging (14)
 F - a wand of paralysis (13)
 G - a wand of quicksilver (3)
 L - a wand of polymorph (5)
 Q - a wand of mindburst (23)
 U - a wand of flame (4) (quivered)
Scrolls
 b - a scroll of poison
 j - 2 scrolls of amnesia
 q - 7 scrolls of teleportation
 x - 5 scrolls of identify
 B - 4 scrolls of fog
 D - a scroll of blinking
 J - a scroll of enchant armour
Potions
 a - a potion of haste
 d - 2 potions of might
 e - 2 potions of enlightenment
 k - 2 potions of ambrosia
 n - a potion of lignification
 p - 2 potions of attraction
 u - 5 potions of brilliance
 w - a potion of magic
 A - 2 potions of cancellation
 O - 2 potions of curing
 W - a potion of mutation


   Skills:
 + Level 14.3 Fighting
 - Level 16.0 Axes
 + Level 13.3 Armour
 + Level 6.2 Dodging
 + Level 13.1 Shields
 + Level 0.9 Spellcasting
 - Level 13.9 Invocations


You had 15 spell levels left.
You didn't know any spells.
Your spell library contained the following spells:

 Spells                   Type           Power      Damage    Failure   Level
 Freeze                   Ice            0%         1d3       100%        1
 Kiss of Death            Conj/Necr      0%         2d5       100%        1
 Necrotise                Necr           0%         1d4       100%        1
 Slow                     Hex            0%         N/A       100%        1
 Cigotuvi's Dreadful Rot  Necr/Pois/Air  0%         N/A       100%        2
 Wereblood                Tmut           0%         N/A       100%        2
 Call Canine Familiar     Summ           0%         N/A       100%        3
 Confusing Touch          Hex            0%         N/A       100%        3
 Frozen Ramparts          Ice            0%         1d1       100%        3
 Hailstorm                Conj/Ice       0%         3d3       100%        3
 Ignite Poison            Fire/Tmut/Pois 0%         N/A       100%        3
 Portal Projectile        Hex/Tloc       0%         N/A       100%        3
 Spider Form              Tmut/Pois      0%         N/A       100%        3
 Tukima's Dance           Hex            0%         N/A       100%        3
 Vampiric Draining        Necr           0%         2d6       100%        3
 Dispel Undead            Necr           0%         3d6       100%        4
 Leda's Liquefaction      Hex/Erth       0%         N/A       100%        4
 Passage of Golubria      Tloc           0%         N/A       100%        4
 Petrify                  Tmut/Erth      0%         N/A       100%        4
 Sticky Flame             Conj/Fire      0%         2d3       100%        4
 Agony                    Necr           0%         N/A       100%        5
 Irradiate                Conj/Tmut      0%         3d11      100%        5
 Yara's Violent Unravell  Hex/Tmut       0%         3d3       100%        5
 Death Channel            Necr           0%         N/A       100%        6
 Ignition                 Fire           0%         3d3       100%        8


Dungeon Overview and Level Annotations

Branches:
Dungeon (15/15)            Temple (0/1) D:7            Lair (5/5) D:10
 Shoals (0/4) Lair:3       Spider (0/4) Lair:3        Slime (0/5) Lair:4
    Orc (2/2) D:11            Elf (0/3) Orc:2         IceCv (visited)
 Vaults: D:13-14     Depths: D:15

Altars:
Ashenzari
Cheibriados
Fedhas
Gozag
Hepliaklqana
Kikubaaqudgha
Okawaru
Qazlal
Uskayaw
Vehumet
Yredelemnul
Zin
Beogh
Jiyva
Lugonu

Shops:
Orc:2 *[*[

Portals:
Abyss: Lair:5

Annotations:
D:15 Louise


Innate Abilities, Weirdness & Mutations

You can walk on water.
You are highly strong-willed. (Will++)
Your muscles are strong. (Str +4, Int/Dex -1)
Your spells are a little easier to cast, but a little less powerful.


Message History

Smite: a tengu warrior, wielding a +0 great mace and wearing a +0 leather armour (severely wounded, extremely poisoned, ally target)
You smite the tengu warrior!!
You kill the tengu warrior!
Beogh accepts your kill.
You barely miss the deep troll. You block the deep troll's attack. x2
The deep troll claws you but does no damage.
You hit the deep troll.
The deep troll is poisoned.
The deep troll is lightly wounded.
Your orc priest hits the deep troll with a +0 hand axe.
Your orc warrior hits the deep troll with a +0 hand axe.
The deep troll bites you but does no damage.
You block the deep troll's attack. The deep troll barely misses you.
You slash the deep troll!
The deep troll looks as sick as possible!
The deep troll is severely wounded.
Your orc warrior hits the deep troll with a +0 hand axe!
Your orc priest closely misses the deep troll.
You hit the deep troll.
You kill the deep troll!
Beogh accepts your kill.
Louise the Corrupted comes into view.
She is wielding a +2 morningstar of distortion.
Your orc warrior throws a boomerang.
Louise blocks the boomerang.
Aiming: Smiting
Press: ? - help, Dir - move target, f - Louise Smite: Louise, wielding a +2 morningstar of distortion, wearing a +0 chain mail and wearing a +0 tower shield (ally target)
You smite Louise!!!
Louise is moderately wounded.
Aiming: Smiting
Press: ? - help, Dir - move target, f/p - Louise Smite: Louise, wielding a +2 morningstar of distortion, wearing a +0 chain mail and wearing a +0 tower shield (moderately wounded, ally target)
You smite Louise!!
Louise is heavily wounded.
You can no longer revive fallen orcs.
Louise blocks your orc priest's attack.
Okay, then.
Okay, then.
Louise points at you and mumbles some strange words.
The bolt of lightning hits your orc priest!
The bolt of lightning hits you!!!
You die...

.Q§@#...#....# .#
#..o..)##..# .#
#.###)..##..# .#
#....).##..####.#
#......@....).....#
...#...#oo###.######
#. #####..# .#
######.(###.#
...?!..@....#
######.#.#####
.......[)#
#######.## #.# #.#
#.# #.# ..#


You could see Louise (ally target), an orc sorcerer, a friendly orc warrior and
a friendly orc priest.

Vanquished Creatures
  A draconian knight (IceCv)
  5 white draconians (IceCv)
  Azrael (D:13)
  An ettin (D:15)
  4 centaur warriors
  A death yak (Lair:5)
  A two-headed ogre (D:9)
  A tengu warrior (D:15)
  2 thrashing horrors (Lair:5)
  An orc high priest (Orc:2)
  A fire crab (shapeshifter) (D:13)
  An orange crystal statue (IceCv)
  A deep troll (D:15)
  4 orc knights (Orc:2)
  3 cyclopes
  6 ugly things
  A deep elf pyromancer (D:15)
  2 manticores
  A large abomination (Lair:5)
  Maurice (D:8)
  3 elephants
  A gargoyle (D:13)
  7 storm dragon simulacra (IceCv)
  5 cane toads
  A rime drake (D:10)
  An unseen horror (D:11)
  6 komodo dragons
  An efreet (D:15)
  2 ancient zymes (Lair:5)
  6 golden dragon simulacra (IceCv)
  3 trolls
  A hornet (D:9)
  7 blink frogs
  2 dream sheep (Lair:4)
  A culicivora (Lair:3)
  3 wyverns
  A spriggan (Lair:5)
  2 wraiths
  A human (shapeshifter) (Lair:5)
  49 yaks
  2 basilisks (Lair:5)
  A ynoxinul (Lair:5)
  2 steam dragons
  7 vampire mosquitoes
  4 wargs (Orc:2)
  An acid dragon (D:10)
  2 hell hounds (D:13)
  13 water moccasins
  5 ice beasts
  8 orc warriors
  3 black bears
  5 ogres
  A sky beast (D:6)
  An ice dragon simulacrum (IceCv)
  12 wolves
  2 phantoms (D:6)
  8 centaurs
  2 kobold brigands
  4 bullfrogs
  A gnoll sergeant (D:10)
  2 scorpions (D:7)
  4 small abominations (Lair:5)
  9 wights
  3 killer bees (D:8)
  7 lindwurm simulacra (IceCv)
  4 howler monkeys
  2 electric eels (Lair:2)
  2 hounds
  6 orc priests
  3 jellies
  2 gnoll boudas
  4 sleepcaps
  5 iguanas
  12 orc wizards
  20 gnolls
  10 adders
  2 shadow imps (D:6)
  4 white imps
  2 ufetubi
  6 worms
  3 dart slugs
  43 orcs
  5 ball pythons
  2 endoplasms
  2 giant cockroaches
  3 goblins
  7 hobgoblins
  6 jackals
  15 kobolds
  9 quokkas
  5 bats
  A frilled lizard (D:1)
  6 rats
442 creatures vanquished.

Vanquished Creatures (collateral kills)
  8 hydras
  3 death yaks (Lair:5)
  A tengu warrior (D:14)
  2 catoblepae
  2 boulder beetles
  A large abomination (Lair:5)
  An orc knight (Orc:2)
  A deep elf pyromancer (D:13)
  An oklob plant (Lair:4)
  6 ugly things
  A manticore (D:13)
  2 black mambas (Lair:2)
  6 elephants
  5 cane toads
  A gargoyle (D:13)
  2 komodo dragons
  3 rime drakes
  A tengu conjurer (D:14)
  The ghost of NateTC the Chiller, a novice DEIE (D:5)
  4 polar bears
  3 trolls
  A hornet (D:11)
  A tarantella (shapeshifter) (D:14)
  11 blink frogs
  2 dream sheep (Lair:4)
  6 small abominations (Lair:5)
  A slime creature (shapeshifter) (Lair:5)
  A snapping turtle (Lair:3)
  A spriggan (Lair:5)
  A jumping spider (shapeshifter) (D:14)
  2 culicivoras (Lair:3)
  3 ynoxinuls (Lair:5)
  A shadow (D:12)
  3 fire elementals (D:13)
  18 yaks
  A vampire (D:12)
  3 basilisks (Lair:5)
  2 wargs (Orc:2)
  3 hell hounds (D:13)
  3 water moccasins
  10 orc warriors
  A black bear (Lair:2)
  9 wolves
  3 ogres
  A centaur (D:14)
  5 bullfrogs
  4 electric eels
  A jelly (Lair:4)
  3 orc wizards
  14 orcs
170 creatures vanquished.

Vanquished Creatures (others)
  An orc knight (D:13)
  A wizard (D:15)
  A troll (D:13)
  12 orc warriors
  6 orc priests
  A human (D:3)
  5 orc wizards
  28 orcs
55 creatures vanquished.

Grand Total: 667 creatures vanquished

Notes
Turn   | Place    | Note
-------+----------+-------------------------------------------
     0 | D:1      | Pimp the Hill Orc Fighter began the quest for the Orb.
     0 | D:1      | Reached XP level 1. HP: 19/19 MP: 1/1
   186 | D:1      | Reached skill level 3 in Axes
   186 | D:1      | Reached XP level 2. HP: 24/27 MP: 2/2
   827 | D:2      | Reached XP level 3. HP: 33/33 MP: 3/3
  1171 | D:2      | Found a basalt altar of Yredelemnul.
  1329 | D:2      | Reached XP level 4. HP: 37/40 MP: 4/4
  2212 | D:3      | Reached skill level 4 in Axes
  2222 | D:3      | Found a broken altar of Ashenzari.
  2403 | D:3      | Found an ancient bone altar of Kikubaaqudgha.
  2404 | D:3      | Noticed a human
  2407 | D:3      | Killed a human
  2587 | D:4      | Found a snail-covered altar of Cheibriados.
  2601 | D:4      | Reached XP level 5. HP: 47/47 MP: 5/5
  2832 | D:4      | Found a stormy altar of Qazlal.
  3044 | D:4      | Reached skill level 5 in Axes
  3092 | D:4      | Noticed a black bear
  3101 | D:4      | Killed a black bear
  3102 | D:4      | Reached skill level 5 in Fighting
  3102 | D:4      | Reached XP level 6. HP: 50/56 MP: 6/6
  3336 | D:4      | Found a basalt altar of Yredelemnul.
  3395 | D:5      | Entered Level 5 of the Dungeon
  3422 | D:5      | Noticed an ice beast
  3434 | D:5      | Killed an ice beast
  3435 | D:5      | Reached skill level 6 in Axes
  3435 | D:5      | Reached XP level 7. HP: 38/61 MP: 5/7
  3577 | D:5      | Reached skill level 5 in Armour
  3779 | D:5      | Reached skill level 5 in Shields
  3842 | D:5      | Gained mutation: You are strong-willed. (Will+) [potion of
                  | mutation]
  3842 | D:5      | Gained mutation: You are highly strong-willed. (Will++)
                  | [potion of mutation]
  3842 | D:5      | Gained mutation: Your spells are a little easier to cast,
                  | but a little less powerful. [potion of mutation]
  3842 | D:5      | Gained mutation: Your muscles are strong. (Str +4, Int/Dex
                  | -1) [potion of mutation]
  3857 | D:5      | Reached skill level 7 in Axes
  3994 | D:5      | Found a runed translucent gate.
  3994 | D:5      | Found a runed translucent gate.
  3994 | D:5      | Found a runed translucent gate.
  4005 | D:5      | Reached XP level 8. HP: 51/70 MP: 8/8
  4012 | D:5      | Noticed NateTC's ghost (novice DEIE)
  4235 | D:5      | Became a worshipper of Beogh the Brigand
  4338 | D:5      | Found a hazy altar of Hepliaklqana.
  4871 | D:6      | Reached skill level 8 in Axes
  4887 | D:6      | Found an iron altar of Okawaru.
  4899 | D:6      | Identified a scroll of acquirement
  4899 | D:6      | Acquired a +1 tower shield of fire resistance
  5015 | D:6      | Reached skill level 9 in Axes
  5290 | D:6      | Reached * piety under Beogh
  5294 | D:6      | Reached XP level 9. HP: 79/79 MP: 9/9
  5583 | D:6      | Found a glowing silver altar of Zin.
  5783 | D:6      | Found a roughly hewn altar of Beogh.
  5783 | D:6      | Found the +7 staff of the Meek {protect, meekguard}
  5892 | D:7      | Found a hide-covered altar of Uskayaw.
  5901 | D:7      | Reached skill level 10 in Axes
  6049 | D:7      | Identified the +3 leather armour of Supple Strength {rN+
                  | Will++ Int-3 Stlth+}
  6073 | D:7      | Reached ** piety under Beogh
  6226 | D:7      | Found a staircase to the Ecumenical Temple.
  6732 | D:8      | Reached skill level 11 in Axes
  6821 | D:8      | Found a radiant altar of Vehumet.
  7127 | D:8      | Noticed Maurice
  7132 | D:8      | Reached XP level 10. HP: 88/88 MP: 10/10
  7141 | D:8      | Acquired the ring of Surprise {*Slow rPois rC++ rCorr
                  | Int+8}
  7180 | D:8      | Killed Maurice
  7819 | D:9      | Reached skill level 12 in Axes
  8134 | D:9      | Reached skill level 13 in Axes
  8375 | D:9      | Found an opulent altar of Gozag.
  8913 | D:9      | Reached *** piety under Beogh
  8946 | D:9      | Noticed a two-headed ogre
  8968 | D:9      | Killed a two-headed ogre
  8969 | D:9      | Reached XP level 11. HP: 24/97 MP: 1/11
  9424 | D:10     | Entered Level 10 of the Dungeon
  9793 | D:10     | Reached skill level 14 in Axes
 10123 | D:10     | Reached skill level 10 in Fighting
 10257 | D:10     | Found a staircase to the Lair.
 10374 | D:10     | Found a blossoming altar of Fedhas.
 10957 | D:11     | Reached **** piety under Beogh
 10957 | D:11     | Gained Bogward as an ally
 10959 | D:11     | Found a staircase to the Orcish Mines.
 11579 | D:12     | Reached skill level 15 in Axes
 11811 | D:12     | Noticed a centaur warrior
 11822 | D:12     | Killed a centaur warrior
 11827 | D:12     | Reached skill level 10 in Armour
 11831 | D:12     | Your ally Bogward died
 12033 | D:12     | Reached skill level 10 in Shields
 12033 | D:12     | Reached XP level 12. HP: 92/108 MP: 9/12
 12919 | D:12     | Noticed a boulder beetle
 12932 | D:12     | Killed a boulder beetle
 13154 | D:13     | Noticed a centaur warrior
 13159 | D:13     | Killed a centaur warrior
 13187 | D:13     | Noticed a six-headed hydra
 13197 | D:13     | Killed a six-headed hydra
 13198 | D:13     | Reached skill level 16 in Axes
 13473 | D:13     | Noticed Azrael
 13484 | D:13     | Reached skill level 1 in Invocations
 13487 | D:13     | Killed Azrael
 13490 | D:13     | Reached skill level 1 in Dodging
 13937 | D:13     | Reached ***** piety under Beogh
 13991 | D:13     | Identified the +0 pair of boots "Peh Xoix" {rPois Str-4
                  | Int+3}
 14510 | D:14     | a rime drake changed into an entropy weaver
 14510 | D:14     | Noticed an entropy weaver (shapeshifter)
 14511 | D:14     | an entropy weaver changed into a spriggan
 14514 | D:14     | Reached skill level 5 in Invocations
 14525 | D:14     | Gained Brunolf as an ally
 14764 | D:14     | Noticed a centaur warrior
 14778 | D:14     | Killed a centaur warrior
 14779 | D:14     | Reached XP level 13. HP: 68/118 MP: 11/17
 15187 | D:14     | Gained Alork as an ally
 15417 | D:5      | Killed NateTC's ghost
 15625 | Lair:1   | Entered Level 1 of the Lair of Beasts
 16706 | Lair:2   | Found a blossoming altar of Fedhas.
 18180 | Lair:3   | Found a staircase to the Shoals.
 18452 | Lair:3   | Found a hole to the Spider Nest.
 19047 | Lair:4   | Reached ****** piety under Beogh
 19049 | Lair:4   | Found a staircase to the Slime Pits.
 19050 | Lair:4   | Found a viscous altar of Jiyva.
 19150 | Lair:4   | Reached skill level 10 in Invocations
 19906 | Lair:4   | Reached XP level 14. HP: 111/129 MP: 18/21
 20057 | Orc:1    | Entered Level 1 of the Orcish Mines
 20250 | Orc:2    | Entered Level 2 of the Orcish Mines
 20611 | Orc:2    | Found a roughly hewn altar of Beogh.
 21229 | Orc:2    | Found Etikhy's Assorted Antiques.
 21542 | Orc:2    | Found Rugeeludo's Antique Armour Emporium.
 21543 | Orc:2    | Gained Harm as an ally
 21551 | Orc:2    | Bought a faintly humming scale mail for 216 gold pieces
 21551 | Orc:2    | Identified the +0 scale mail "Gusaan" {rElec rC+} (You
                  | bought it in a shop on level 2 of the Orcish Mines)
 21601 | Orc:2    | Found Wetykhay's Assorted Antiques.
 21815 | Orc:2    | Found Solig's Antique Armour Emporium.
 21966 | Orc:2    | Found a staircase to the Elven Halls.
 22387 | Orc:2    | Bought a crude battleaxe for 230 gold pieces
 22387 | Orc:2    | Identified the +4 battleaxe of Paper {drain, rElec Int+3}
                  | (You bought it in a shop on level 2 of the Orcish Mines)
 22576 | Orc:2    | Bought a scroll of enchant weapon for 150 gold pieces
 22576 | Orc:2    | Bought a scroll of teleportation for 60 gold pieces
 22942 | Lair:5   | Entered Level 5 of the Lair of Beasts
 23087 | Lair:5   | Reached skill level 5 in Dodging
 23128 | Lair:5   | Gained Oreg as an ally
 23426 | Lair:5   | Gained Jorge as an ally
 23571 | Lair:5   | Gained Boghold as an ally
 23733 | Lair:5   | Gained Bogbrand as an ally
 23862 | Lair:5   | Identified the +1 war axe "Ezaamp" {drain, rPois rF- Dex+2
                  | Stlth+}
 24118 | Lair:5   | Found a corrupted altar of Lugonu.
 24118 | Lair:5   | Found a one-way gate to the infinite horrors of the Abyss.
 24977 | D:15     | Entered Level 15 of the Dungeon
 25014 | D:15     | Found a frozen archway.
 25049 | IceCv    | Entered an ice cave
 25234 | IceCv    | Noticed a white draconian
 25242 | IceCv    | Noticed a white draconian
 25249 | IceCv    | Killed a white draconian
 25259 | IceCv    | Killed a white draconian
 25461 | IceCv    | Reached XP level 15. HP: 112/138 MP: 20/25
 25703 | IceCv    | Noticed a white draconian knight
 25723 | IceCv    | Killed a white draconian knight
 25971 | IceCv    | Found the ring of the Mage {Wiz Archmagi}
 26010 | IceCv    | Identified the ring "Zeotorri" {rPois rF- rCorr AC+4 Dex+4}
 26347 | IceCv    | Got the Vellum of Transmutation
 26684 | D:15     | Noticed Louise
 26687 | D:15     | Killed from afar by Louise

Illustrated notes

Levels and vault maps discovered:
D:1:      amcnicky_arrival_wind_blow, layout_basic
D:2:      layout_basic, basic_altar
D:3:      layout_basic, tgw_kikubaaqudgha, evilmike_ruin_ashenzari
D:4:      layout_basic, kennysheep_slug_shrine, lemuel_tele_altar,
          amcnicky_altar_gilded, minmay_misc_feat_alley, minmay_misc_feat_roman
D:5:      layout_loops_ring, kennysheep_little_box, ebering_ghost_rock_garden
D:6:      layout_loops_cross, mainiacjoe_overflow_boulevard, zin_statuary,
          pf_guarded_unrand_meek
D:7:      layout_basic, nicolae_uskayaw_murder_on_the_dancefloor,
          minmay_temple_entry_trees, nrook_mini_vaults
D:8:      layout_loops_corners, vehumet_crystals, uniq_maurice
D:9:      layout_stronghold, mainiacjoe_overflow_paths
D:10:     minmay_general_purpose_star, layout_basic,
          mainiacjoe_overflow_alcove_1, hellmonk_lair_entry_icy
D:11:     layout_basic, david_orc_2
D:12:     layout_loops_corners
D:13:     layout_rooms, uniq_azrael
D:14:     layout_small_grid, grunt_vaults_entry_fortified
D:15:     hangedman_depths_entry_civil_slaughter, layout_loops_ring,
          portal_ice_cave_entry_pillars_three, uniq_louise
Lair:1:   layout_misc_corridors
Lair:2:   layout_roguey, basic_altar, serial_bayou_shore_a, grunt_megastairs_4,
          serial_bayou_shore_b
Lair:3:   layout_chaotic_city, minmay_shoals_entry_hut,
          hellmonk_spider_entry_life_and_decay
Lair:4:   layout_cave_pods, nicolae_slime_entry_field_trip
Lair:5:   hellmonk_lair_end_abyssal_woods, layout_regular_city,
          lemuel_fruit_tree
Orc:1:    layout_caves
Orc:2:    st_orc_town, layout_caves, nicolae_orc_tapped_out

Skill      XL: |  1  2  3  4  5  6  7  8  9 10 11 12 13 14 15 |
---------------+----------------------------------------------+-----
Axes           | 3 4 5 6 7 9 11 13 15 16 | 16.0
Fighting       | 4 5 7 8 9 10 12 13 14 | 14.3
Armour         | 4 5 6 7 8 10 11 12 13 | 13.3
Shields        | 4 5 6 7 8 10 11 12 13 | 13.1
Invocations    | 6 10 13 | 13.9
Dodging        | 2 4 5 6 |  6.2
Spellcasting   | |  0.9

Action                     |  1- 3 |  4- 6 |  7- 9 | 10-12 | 13-15 || total
---------------------------+-------+-------+-------+-------+-------++-------
  Melee: War axe           |    93 |   132 |   313 |   506 |   681 ||  1725
         Hand axe          |       |       |    24 |       |       ||    24
         Short sword       |       |       |       |     4 |     5 ||     9
  Throw: Throwing net      |       |       |       |     1 |       ||     1
 Invoke: Convert to Beogh  |       |       |     1 |       |       ||     1
         Recall Orcish Fol |       |       |       |     4 |    14 ||    18
         Give Item to Name |       |       |       |     1 |     6 ||     7
         Smiting           |       |       |       |       |    10 ||    10
  Evoke: Wand              |       |       |       |       |    17 ||    17
    Use: Scroll            |       |     8 |     4 |     8 |    12 ||    32
         Potion            |       |       |     3 |     4 |     3 ||    10
   Stab: Distracted        |       |       |       |     1 |     4 ||     5
 Armour: Scale mail        |    49 |     9 |       |       |       ||    58
         Plate armour      |       |   104 |   191 |   119 |       ||   414
         Acid dragon scale |       |       |       |   140 |   274 ||   414
         Crystal plate arm |       |       |       |       |    14 ||    14
  Dodge: Dodged            |    46 |    49 |    80 |   133 |   269 ||   577
  Block: Buckler           |    27 |    33 |    32 |       |       ||    92
         Tower shield      |       |       |   149 |   462 |   610 ||  1221

Table legend: (Time is in decaauts)
 A = Elapsed time spent in this place.
 B = Non-inter-level travel time spent in this place.
 C = Inter-level travel time spent in this place.
 D = Time resting spent in this place.
 E = Time spent auto-exploring this place.
 F = Levels seen in this place.
 G = Mean time per level.
                   A        B        C        D        E       F      G
               +--------+--------+--------+--------+--------+-----+--------+
         Total |  26761 |  24800 |   1961 |   7043 |  12408 |  23 | 1163.5 |
       Dungeon |  16656 |  15440 |   1216 |   3209 |   9139 |  15 | 1110.4 |
          Lair |   6096 |   5570 |    526 |   1641 |   2588 |   5 | 1219.2 |
  Orcish Mines |   2578 |   2359 |    219 |   1238 |    601 |   2 | 1289.0 |
      Ice Cave |   1430 |   1430 |      0 |    955 |     80 |   1 | 1430.0 |
               +--------+--------+--------+--------+--------+-----+--------+

Top non-repeatable levels by time:
   Orc:2: 2175 daAuts
     D:9: 1950 daAuts
    D:13: 1712 daAuts
    D:12: 1594 daAuts
  Lair:2: 1565 daAuts
     D:5: 1439 daAuts
   IceCv: 1430 daAuts
  Lair:5: 1410 daAuts
    D:10: 1392 daAuts
     D:8: 1244 daAuts
     D:6: 1198 daAuts
  Lair:4: 1188 daAuts
  Lair:3: 1053 daAuts
     D:2: 1023 daAuts
    D:11: 964 daAuts
